 Dungeon Crawl Stone Soup version 0.28.0-1-gb440e238dd (webtiles) character file.

Game seed: 17282168988931494805

3493 fragbeetle the Fighter (level 10, -11/80 HPs)
             Began as a Djinni Conjurer on Feb 22, 2022.
             Was a Follower of Makhleb.
             Killed by an exploding fulminant prism (18 damage)
             ... on level 8 of the Dungeon.
             The game lasted 00:28:14 (11730 turns).

fragbeetle the Fighter (Djinni Conjurer)           Turns: 11730, Time: 00:28:14

Health: -11/80     AC:  5    Str:  8    XL:     10   Next: 28%
Gold:   385        EV: 12    Int: 23    God:    Makhleb [*.....] SH:  0 Dex: 11

rFire   + + .      SeeInvis +   F - +1 long sword (elec)
rCold   x . .      Faith    .   (no shield)
rNeg    . . .      Spirit   .   G - +0 steam dragon scales
rPois   ∞          Reflect  .   t - +1 hat
rElec   .          Harm     .   O - +0 cloak
rCorr   .          Rampage  .   A - +1 Delatra's gloves {ID++}
Will    +....                   (boots unavailable)
Stlth   ++........              l - amulet of the acrobat
HPRegen 0.23/turn               N - ring of see invisible
MPRegen 0.00/turn               (no ring)

@: corroded, flying
A: sickness immunity, fire resistance 2, cold vulnerability 1, float, innate
caster, HP casting, extra vitality 1
a: Renounce Religion


You were on level 8 of the Dungeon.
You worshipped Makhleb.
Makhleb was aware of your devotion.
You visited 2 branches of the dungeon, and saw 9 of its levels.

You collected 385 gold pieces.

Inventory:

Hand Weapons
 x - the +5 dagger "Hequmoat" {vorpal, *Corrode Str+3 Dex+3}
   (You found it on level 4 of the Dungeon)

   It inflicts extra damage upon your enemies.
   Str:       It affects your strength (+3).
   Dex:       It affects your dexterity (+3).
   *Corrode:  It may corrode you when you take damage.
 B - a +1 dagger of venom
 F - a +1 long sword of electrocution (weapon)
 K - a +4 great sword
Missiles
 g - 3 silver javelins
 i - 4 boomerangs
 s - 35 poisoned darts
 H - 2 curare-tipped darts
Armour
 t - a +1 hat (worn)
 A - the +1 Delatra's gloves (worn) {ID++}
   (You found it on level 5 of the Dungeon)

   It heals its wearer when they drink unknown potions.
   It restores its wearer's MP when they read unknown scrolls.
 G - +0 steam dragon scales (worn)
 O - a +0 cloak (worn)
Jewellery
 l - an amulet of the acrobat (around neck)
 y - the amulet of Qouteh {Spirit Harm rC- MP+9 Int+8}
   (You found it on level 5 of the Dungeon)

   [amulet of guardian spirit]

   It causes incoming damage to be divided between your reserves of health and
   magic.
   Int:       It affects your intelligence (+8).
   rC:        It makes you vulnerable to cold.
   MP:        It affects your magic capacity (+9).
   Harm:      It increases damage dealt and taken.
 N - a ring of see invisible (left hand)
Wands
 p - a wand of digging (4)
 J - a wand of mindburst (4)
Scrolls
 c - a scroll of enchant armour {unknown}
 h - a scroll of amnesia {unknown}
 k - 3 scrolls of teleportation {unknown}
 o - 10 scrolls of identify {unknown}
 u - 4 scrolls of immolation {unknown}
 v - 3 scrolls of holy word {unknown}
 C - a scroll of magic mapping {unknown}
 E - 2 scrolls of enchant weapon {unknown}
 M - 2 scrolls of vulnerability {unknown}
Potions
 b - 2 potions of flight {unknown}
 e - a potion of degeneration {unknown}
 f - 3 potions of mutation {unknown}
 j - a potion of berserk rage {unknown}
 m - a potion of might {unknown}
 n - a potion of curing
 q - a potion of haste
 r - a potion of heal wounds {unknown}
 z - 2 potions of ambrosia {unknown}
 D - 2 potions of brilliance {unknown}
 I - a potion of lignification {unknown}
 L - a potion of magic {unknown}


   Skills:
 - Level 10.0 Fighting
 - Level 2.3 Dodging
 - Level 1.7 Stealth
 + Level 6.7 Spellcasting
 - Level 6.0 Invocations


You couldn't memorise any spells.
You knew the following spells:

 Your Spells              Type           Power      Damage    Failure   Level
a - Magic Dart            Conj           100%       1d8       1%          1
b - Searing Ray           Conj           78%        2d7       1%          2
c - Dazzling Flash        Conj/Hex       78%        N/A       1%          3
d - Fulminant Prism       Conj/Hex       19%        3d11      4%          4
e - Iskenderun's Mystic   Conj/Tloc      39%        2d9       4%          4
f - Summon Small Mammal   Summ           100%       N/A       1%          1
g - Wereblood             Tmut           39%        N/A       1%          2
h - Teleport Other        Tloc           39%        N/A       1%          3
q - Poisonous Vapours     Pois/Air       78%        N/A       1%          2
Your spell library was empty.

Dungeon Overview and Level Annotations

Branches:
Dungeon (8/15)             Temple (1/1) D:5
   Lair: D:8-11

Altars:
Ashenzari
Cheibriados
Dithmenos
Elyvilon
Fedhas
Gozag
Hepliaklqana
Kikubaaqudgha
Makhleb
Nemelex Xobeh
Okawaru
Qazlal
Ru
Sif Muna
Trog
Vehumet
Wu Jian
Xom
Yredelemnul
Zin
The Shining One

Portals:
Abyss: D:8

Annotations:
D:3 Sigmund
D:8 2 transporters, Harold; spaghetti's ghost, novice NaCK


Innate Abilities, Weirdness & Mutations

You are immune to sickness and miasma.
You are immune to poison.
Your flesh is very heat resistant. (rF++)
You are vulnerable to cold. (rC-)
You float through the air rather than walking.
You learn spells naturally, not from books.
Your magical power is your life essence.
You have superior vitality. (+4 MHP)


Message History

Harold zaps a wand.
The bolt of acid hits you! The acid corrodes you!
Found 16 gold pieces.
Your fulminant prism crackles loudly.
Your fulminant prism explodes!
Casting: Fulminant Prism (dangerous; 4% risk of failure)
Confirm with . or Enter, or press ? or * to list all spells.
Aiming: Fulminant Prism (dangerous; 4% risk of failure)
Press: ? - help, Dir - move target You conjure a prism of explosive energy!
A fulminant prism comes into view.
Harold zaps a wand.
The bolt of acid misses you.
Unknown command.
Casting: Fulminant Prism (dangerous; 4% risk of failure)
Confirm with . or Enter, or press ? or * to list all spells.
Okay, then.
Casting: Fulminant Prism (dangerous; 4% risk of failure)
Confirm with . or Enter, or press ? or * to list all spells.
Aiming: Poisonous Vapours (safe; 1% risk of failure)
Press: ? - help, Dir - move target, f - Harold
Aim: Harold, wielding a +2 halberd of flaming, wearing a +0 scale mail and carrying a wand of acid (3) (moderately wounded, ally target) Poisonous vapours surround Harold!
Harold is poisoned.
Harold zaps a wand.
The bolt of acid hits you!!
* * * LOW HITPOINT WARNING * * *
Your fulminant prism crackles loudly.
Casting: Poisonous Vapours (safe; 1% risk of failure)
Confirm with . or Enter, or press ? or * to list all spells.
Aiming: Poisonous Vapours (safe; 1% risk of failure)
Press: ? - help, Dir - move target, f/p - Harold
Aim: Harold, wielding a +2 halberd of flaming, wearing a +0 scale mail and carrying a wand of acid (2) (heavily wounded, very poisoned, ally target) Poisonous vapours surround Harold!
Harold looks as sick as possible!
* * * LOW HITPOINT WARNING * * *
Harold fires a harpoon shot at you. The harpoon shot hits you!
* * * LOW HITPOINT WARNING * * *
You are yanked forward by the harpoon shot.
Your fulminant prism explodes!
The blast of energy engulfs Harold!
Harold is heavily wounded.
The blast of energy engulfs you!!
You die...

#.# #...# ####..... #
#........
#.#####........
..............
#...........
#.@@.(....$.
#.##...#...
#.###.##...##.
#....@.###.##.
#####..###.##.
#..@...##'##########
#..((...............
###....).....)@..5....
##.#....©......##......


You could see Harold (extremely poisoned).

Vanquished Creatures
  Maurice (D:8)
  Maggie (D:7)
  Grinder (D:3)
  Menkaure (D:4)
  A water moccasin (D:7)
  A black bear (D:6)
  3 orc warriors
  2 ice beasts (D:7)
  2 sky beasts
  2 necrophages (D:5)
  3 ogres
  3 centaurs
  2 kobold brigands
  A bullfrog (D:8)
  2 scorpions
  5 wights (D:7)
  A howler monkey (D:4)
  A centaur zombie (D:5)
  2 hounds
  A jelly (D:5)
  A centaur skeleton (D:6)
  2 orc priests
  A gnoll shaman (D:4)
  A bullfrog skeleton (D:4)
  An iguana (D:5)
  2 orc wizards (D:6)
  Terence (D:3)
  A howler monkey zombie (D:5)
  9 adders
  A shadow imp (D:5)
  3 white imps
  2 worms
  3 dart slugs
  15 orcs
  9 ball pythons
  8 endoplasms
  3 giant cockroaches
  6 goblins
  8 hobgoblins
  8 jackals
  14 kobolds
  7 quokkas
  6 bats
  6 frilled lizards
  5 rats
159 creatures vanquished.

Vanquished Creatures (others)
  12 fulminant prisms
  3 withered plants (D:1)
15 creatures vanquished.

Grand Total: 174 creatures vanquished

Notes
Turn   | Place    | Note
-------+----------+-------------------------------------------
     0 | D:1      | fragbeetle the Djinni Conjurer began the quest for the Orb.
     0 | D:1      | Reached XP level 1. HP: 15/15 MP: 0/0
   183 | D:1      | Reached XP level 2. HP: 10/21 MP: 0/0
   700 | D:1      | Found a faded altar of an unknown god.
   879 | D:1      | Reached XP level 3. HP: 23/25 MP: 0/0
   879 | D:1      | Learned a level 1 spell: Summon Small Mammal
  2091 | D:2      | Reached XP level 4. HP: 26/31 MP: 0/0
  2344 | D:2      | Reached skill level 1 in Fighting
  3255 | D:3      | Noticed Grinder
  3255 | D:3      | Paralysed by Grinder for 7 turns
  3272 | D:3      | Killed Grinder
  3273 | D:3      | Reached skill level 3 in Fighting
  3273 | D:3      | Reached XP level 5. HP: 1/40 MP: 0/0
  3273 | D:3      | Learned a level 2 spell: Poisonous Vapours
  3273 | D:3      | Reached XP level 6. HP: 2/46 MP: 0/0
  3688 | D:3      | Noticed Sigmund
  3863 | D:3      | Reached skill level 5 in Spellcasting
  4069 | D:3      | Noticed Terence
  4091 | D:3      | Killed Terence
  4694 | D:4      | Noticed Menkaure
  4701 | D:4      | Killed Menkaure
  4702 | D:4      | Reached skill level 4 in Fighting
  4702 | D:4      | Reached XP level 7. HP: 20/53 MP: 0/0
  4702 | D:4      | Learned a level 2 spell: Wereblood
  5006 | D:4      | Reached skill level 5 in Fighting
  5704 | D:4      | Identified the +5 dagger "Hequmoat" {vorpal, *Corrode Str+3
                  | Dex+3}
  5878 | D:5      | Entered Level 5 of the Dungeon
  5908 | D:5      | Identified the amulet of Qouteh {Spirit Harm rC- MP+9
                  | Int+8}
  5992 | D:5      | Found the +1 Delatra's gloves {ID++}
  6015 | D:5      | Reached skill level 6 in Fighting
  6204 | D:5      | Reached XP level 8. HP: 57/61 MP: 0/0
  6347 | D:5      | Found a staircase to the Ecumenical Temple.
  6382 | Temple   | Entered the Ecumenical Temple
  6500 | Temple   | Became a worshipper of Makhleb the Destroyer
  6557 | D:5      | Reached skill level 7 in Fighting
  7076 | D:6      | Reached skill level 8 in Fighting
  7394 | D:6      | Reached skill level 9 in Fighting
  7394 | D:6      | Reached XP level 9. HP: 65/72 MP: 0/0
  7394 | D:6      | Learned a level 3 spell: Teleport Other
  7622 | D:6      | Reached * piety under Makhleb
  8202 | D:6      | Reached skill level 10 in Fighting
  8202 | D:6      | Reached skill level 1 in Invocations
  8244 | D:6      | Found a hazy altar of Hepliaklqana.
  8245 | D:6      | Found a bloodstained altar of Trog.
  8787 | D:7      | Noticed Maggie
  8801 | D:7      | Killed Maggie
  9144 | D:7      | Reached skill level 5 in Invocations
  9857 | D:7      | Reached XP level 10. HP: 73/80 MP: 0/0
 10879 | D:8      | Found a transporter.
 10919 | D:8      | Found a transporter.
 10922 | D:8      | Found a one-way gate to the infinite horrors of the Abyss.
 10922 | D:8      | Noticed spaghetti's ghost (novice NaCK)
 10965 | D:8      | Noticed Harold
 11359 | D:8      | Noticed Maurice
 11385 | D:8      | Killed Maurice
 11730 | D:8      | Killed by an exploding fulminant prism

Illustrated notes

Levels and vault maps discovered:
D:1:      dpeg_arrival_central, layout_loops_ring,
          ebering_ecumenical_altar_petrified, minmay_surrounded
D:2:      layout_loops_ring, grunt_decor_junction
D:3:      layout_loops_ring, uniq_grinder, uniq_terence, uniq_sigmund
D:4:      minmay_angry_zag, layout_rooms, uniq_menkaure
D:5:      kennysheep_six_static_rooms, layout_loops_ring,
          minmay_temple_entry_water_ring
D:6:      layout_basic, gammafunk_temple_overflow_statue, lemuel_tele_altar
D:7:      layout_layer_cave, uniq_maggie
D:8:      layout_loops_corners, gammafunk_ghost_abyssal_escape, uniq_harold,
          uniq_maurice
Temple:   mainiacjoe_temple_coin_purse

Skill      XL: |  1  2  3  4  5  6  7  8  9 10 |
---------------+-------------------------------+-----
Spellcasting   | 4 5 6 |  6.7
Fighting       | 3 4 6 9 10 | 10.0
Invocations    | 6 |  6.0
Dodging        | |  2.3
Stealth        | |  1.7

Action                   |  1- 3 |  4- 6 |  7- 9 | 10-12 || total
-------------------------+-------+-------+-------+-------++-------
Melee: Unarmed           |     1 |       |       |       ||     1
       Dagger            |    10 |    40 |    77 |       ||   127
       Punch             |       |     1 |     2 |     1 ||     4
       Long sword        |       |       |    22 |    29 ||    51
 Cast: Magic Dart        |    52 |    26 |    24 |       ||   102
       Searing Ray       |     9 |    21 |    36 |    10 ||    76
       Poisonous Vapours |       |     6 |    51 |     8 ||    65
       Fulminant Prism   |       |       |     1 |    11 ||    12
       Dazzling Flash    |       |       |     1 |       ||     1
  Use: Potion            |       |       |     1 |       ||     1
Armor: Robe              |     5 |    10 |     5 |       ||    20
       Leather armour    |       |       |    20 |       ||    20
       Steam dragon scal |       |       |    13 |    13 ||    26
Dodge: Dodged            |    12 |    36 |   105 |    35 ||   188
